 Dungeon Crawl Stone Soup version 0.18.1-1-g2f07953 (webtiles) character file.

47 Hipnos the Charlatan (level 3, 0/20 HPs)
             Began as a Kobold Artificer on May 7, 2016.
             Slain by a giant cockroach (2 damage)
             ... on level 2 of the Dungeon on May 8, 2016.
             The game lasted 00:02:58 (1109 turns).

Hipnos the Charlatan (Kobold Artificer)             Turns: 1109, Time: 00:02:59

Health: 0/20       AC:  3    Str:  9    XL:     3   Next: 97%
Magic:  6/6        EV: 12    Int: 11    God:
Gold:   125        SH:  7    Dex: 16    Spells: 0 memorised, 2 levels left

rFire  . . .     SeeInvis .     a - +0 short sword
rCold  . . .     Gourm    .     b - +0 leather armour
rNeg   . . .     Faith    .     k - +0 shield
rPois  .         Spirit   .     (no helmet)
rElec  .         Dismiss  .     (no cloak)
rCorr  .         Reflect  .     (no gloves)
SustAt +         Harm     .     (no boots)
MR     .....                    (no amulet)
Stlth  ++........               (no ring)
                                p - ring of sustain attributes

@: not resistant to hostile enchantments, unstealthy
A: carnivore 3
a: no special abilities


You were on level 2 of the Dungeon.
You were very full.

You visited 1 branch of the dungeon, and saw 2 of its levels.

You collected 125 gold pieces.

Inventory:

Hand Weapons
 a - a +0 short sword (weapon)
Armour
 b - a +0 leather armour (worn)
 k - a +0 shield (worn)
Jewellery
 p - a ring of sustain attributes (left hand)
Wands
 c - a wand of flame (15/48)
 d - a wand of enslavement (14/24)
 e - a wand of random effects (15/48)
Scrolls
 g - 4 scrolls of identify {unknown}
 l - 2 scrolls of amnesia {unknown}
 n - 2 scrolls of enchant weapon {unknown}
 q - a scroll of recharging {unknown}
 r - a scroll of remove curse {unknown}
Potions
 h - a potion of flight {unknown}
 i - a potion of magic {unknown}
 j - a potion of brilliance {unknown}
Comestibles
 f - a meat ration
 m - a beef jerky
 o - a slice of pizza


   Skills:
 + Level 1.3 Fighting
 + Level 2.0 Short Blades
 + Level 0.1 Armour
 + Level 3.2 Dodging
 + Level 1.5 Stealth
 + Level 0.2 Shields
 + Level 4.5 Evocations


You had 2 spell levels left.
You didn't know any spells.

Dungeon Overview and Level Annotations

Branches:
Dungeon (2/15)

Altars:


Innate Abilities, Weirdness & Mutations

You are small and have problems with some larger weapons.
You are carnivorous and can eat meat at any time.


Message History

The giant cockroach closely misses you.
The giant cockroach completely misses you.
You hit the giant cockroach but do no damage.
The giant cockroach is heavily wounded.
The giant cockroach bites you but does no damage.
The giant cockroach misses you. The giant cockroach bites you.
* * * LOW HITPOINT WARNING * * *
You hit the giant cockroach but do no damage.
The giant cockroach is heavily wounded.
The giant cockroach bites you.
* * * LOW HITPOINT WARNING * * *
The giant cockroach bites you.
* * * LOW HITPOINT WARNING * * *
The giant cockroach barely misses you.
Zapping:
d - a wand of enslavement (15/24)
Press: ? - help, Shift-Dir - straight line, f - giant cockroach
Aim: a giant cockroach (chance to defeat MR: 86%)
The giant cockroach struggles to resist.
This wand has 14 charges left.
The giant cockroach bites you.
You die...

#...........####..
...
+......#..........
...
#......#..........
....
#......#...>......
....$
#......#########..
.....##....>.#
.......
#...........#
.......
#....s.######
....... #.....@#
.......
#......s....#
.......
#...........#
.......
...............
.......
...............
##.....
......##.......
....... ......
....... .w..w..
#..... .......
.....<. ##.....


You could see 2 giant cockroaches.

Vanquished Creatures
  2 oozes
  A worm (D:2)
  A dart slug (D:1)
  A giant gecko (D:1)
  4 giant cockroaches
  5 goblins
  4 hobgoblins
  3 jackals (D:1)
  A kobold (D:1)
  A ball python (D:1)
  3 bats
  A giant newt (D:2)
  3 rats
30 creatures vanquished.

Notes
Turn   | Place    | Note
--------------------------------------------------------------
     0 | D:1      | Hipnos the Kobold Artificer began the quest for the Orb.
     0 | D:1      | Reached XP level 1. HP: 12/12 MP: 3/3
    68 | D:1      | Reached skill level 4 in Evocations
    68 | D:1      | Reached XP level 2. HP: 8/16 MP: 5/5
   331 | D:1      | Reached XP level 3. HP: 16/20 MP: 6/6
   584 | D:1      | You fall through a shaft!
  1109 | D:2      | Slain by a giant cockroach

Skill      XL: |  1  2  3 |
---------------+----------+-----
Evocations     | 4 |  4.5
Short Blades   | 2 |  2.0
Dodging        | 3 |  3.2
Fighting       | |  1.3
Armour         | |  0.1
Stealth        | |  1.5
Shields        | |  0.2

Action                   || total
-------------------------++-------
Melee: Short sword       ||   121
Evoke: Wand              ||     1
 Stab: Sleeping          ||     4
  Eat: Chunk             ||     7
Armor: Leather armour    ||    18
Dodge: Dodged            ||    89
Block: Shield            ||    32
